 Dungeon Crawl Stone Soup version 0.25-a0-404-gc1b5a34292 (webtiles) character file.

Game seed: 18218113632144071120, levelgen mode: deterministic

18 DeadFury222 the Chopper (level 2, 0/27 HPs)
             Began as a Hill Orc Monk on Jan 10, 2020.
             Slain by an adder (4 damage)
             ... on level 1 of the Dungeon.
             The game lasted 00:03:31 (948 turns).

DeadFury222 the Chopper (Hill Orc Monk)              Turns: 948, Time: 00:03:34

Health: 0/27       AC:  2    Str: 13    XL:     2   Next: 66%
Magic:  2/2        EV: 13    Int: 10    God:
Gold:   64         SH:  0    Dex: 13    Spells: 1/1 levels left

rFire    . . .     SeeInvis .   a - +0 hand axe
rCold    . . .     Gourm    .   (no shield)
rNeg     . . .     Faith    .   b - +0 robe
rPois    .         Spirit   .   (no helmet)
rElec    .         Reflect  .   (no cloak)
rCorr    .         Harm     .   (no gloves)
MR       .....                  (no boots)
Stlth    ++........             (no amulet)
HPRegen  0.09/turn              (no ring)
MPRegen  0.08/turn              (no ring)

@: lethally poisoned (0 -> -14)
A: no striking features
a: no special abilities


You were on level 1 of the Dungeon.
You were not hungry.

You visited 1 branch of the dungeon, and saw 2 of its levels.

You collected 64 gold pieces.

Inventory:

Hand Weapons
 a - a +0 hand axe (weapon)
Missiles
 i - 72 stones (quivered)
Armour
 b - a +0 robe (worn)
Scrolls
 g - a scroll of enchant weapon {unknown}
 h - a scroll of magic mapping {unknown}
 l - a scroll of identify {unknown}
Potions
 d - a potion of flight {unknown}
 e - a potion of berserk rage {unknown}
 j - a potion of might {unknown}
 k - a potion of agility {unknown}
Comestibles
 c - a ration


   Skills:
 + Level 4.0 Fighting
 + Level 4.6 Axes
 - Level 2.5 Dodging
 - Level 1.6 Stealth


You had one spell level left.
You didn't know any spells.
Your spell library was empty.

Dungeon Overview and Level Annotations

Branches:
Dungeon (2/15)

Altars:

Annotations:
D:1 exclusion: downstairs
D:2 Sigmund


Message History

You kill the adder!
Your Fighting skill increases to level 4!
You miss the adder.
You feel sick. The adder barely misses you.
You closely miss the adder. The adder bites you.
You closely miss the adder.
You feel sick. The adder bites you.
* * * LOW HITPOINT WARNING * * *
The adder closely misses you.
You barely miss the adder. The adder barely misses you.
You completely miss the adder. The adder bites you.
* * * LOW HITPOINT WARNING * * *
You are lethally poisoned!
The adder poisons you!
You hit the adder.
The adder is severely wounded.
* * * LOW HITPOINT WARNING * * *
You feel sick. The adder bites you.
* * * LOW HITPOINT WARNING * * *
You are more poisoned.
The adder poisons you! The adder bites you.
You die...

#......###.###.#####.
#......# #.# #.# #.
####.#####.# #.# ##
#......#.# #.######
#......#.###.......
#......#...........
##.#####..#....####
#........#........
#@S...............
#†.......#....###.
#........###### #.
#........#########
####........##.......
####...........##.......
#..............##.......
#.......######.#####.###
#...##### #.# #.#


You could see an adder.

Vanquished Creatures
  An adder (D:1)
  A leopard gecko (D:1)
  A bat (D:1)
  2 goblins (D:1)
  A kobold (D:1)
  2 frilled lizards (D:1)
8 creatures vanquished.

Notes
Turn   | Place    | Note
-------+----------+-------------------------------------------
     0 | D:1      | DeadFury222 the Hill Orc Monk began the quest for the Orb.
     0 | D:1      | Reached XP level 1. HP: 19/19 MP: 1/1
   454 | D:1      | Reached XP level 2. HP: 16/27 MP: 2/2
   880 | D:2      | Noticed Sigmund
   948 | D:1      | Slain by an adder

Levels and vault maps discovered:
D:1:      evilmike_arrival_plus, layout_basic
D:2:      layout_basic, minmay_tree_intersection, uniq_sigmund

Skill      XL: |  1  2 |
---------------+-------+-----
Fighting       | 4 |  4.0
Axes           | |  4.6
Dodging        | |  2.5
Stealth        | |  1.6

Action                   || total
-------------------------++-------
Melee: Hand axe          ||    27
Throw: Stone             ||    12
 Stab: Sleeping          ||     2
Armor: Robe              ||     1
Dodge: Dodged            ||    18

Table legend:
 A = Non-vault XP
 B = Vault XP
 C = Vault XP percentage of total XP
 D = Non-vault monster count
 E = Vault monster count
 F = Vault count percentage of total count
                 A         B        C        D         E       F
            +---------+---------+-------+---------+---------+-------
      Total |      26 |       0 |   0.0 |       8 |       0 |   0.0
            +---------+---------+-------+---------+---------+-------
        D:1 |      26 |       0 |   0.0 |       8 |       0 |   0.0
            +---------+---------+-------+---------+---------+-------
